 Dungeon Crawl Stone Soup version 0.19-a0-32-gbfd796a (webtiles) character file.

4 M4edhros the Grave Robber (level 1, -6/11 HPs)
             Began as an Octopode Necromancer on May 3, 2016.
             Killed from afar by Mefis's ghost (7 damage)
             ... with a magic dart
             ... on level 3 of the Dungeon.
             The game lasted 00:00:57 (222 turns).

M4edhros the Grave Robber (Octopode Necromancer)     Turns: 222, Time: 00:00:58

Health: -6/11      AC:  1    Str:  7    XL:     1   Next: 70%
Magic:  3/3        EV: 12    Int: 17    God:
Gold:   24         SH:  0    Dex:  9    Spells: 1 memorised, 3 levels left

rFire  . . .     SeeInvis .       - Unarmed
rCold  . . .     Gourm    .     (no shield)
rNeg   . . .     Faith    .     (helmet restricted)
rPois  .         Spirit   .     (no amulet)
rElec  .         Dismiss  .     d - ring of teleportation (curse)
rCorr  .         Reflect  .     e - -3 ring of dexterity (curse)
SustAt .         Harm     .     (no ring)
MR     .....     Rnd*Tele +     (no ring)
Stlth  +++.......               (no ring)
                                (no ring)
                                (no ring)
                                (no ring)

@: flying, not resistant to hostile enchantments, fairly stealthy
A: almost no armour, amphibious, 8 rings, constrict 8, camouflage 1, gelatinous
body 1
a: no special abilities


You were on level 3 of the Dungeon.
You were not hungry.

You visited 1 branch of the dungeon, and saw 3 of its levels.

You collected 24 gold pieces.

Inventory:

Jewellery
 d - a cursed ring of teleportation (left tentacle)
 e - a cursed -3 ring of dexterity (right tentacle)
Scrolls
 c - a scroll of fear {unknown}
Books
 a - a book of Necromancy

   Spells                             Type                      Level
   a - Pain                           Necromancy                   1
   b - Animate Skeleton               Necromancy                   1
   c - Vampiric Draining              Necromancy                   3
   d - Regeneration                   Charms/Necromancy            3
   e - Animate Dead                   Necromancy                   4
   f - Control Undead                 Necromancy                   4
Comestibles
 b - a bread ration


   Skills:
 - Level 2.0 Dodging
 - Level 2.6 Stealth
 + Level 1.2 Unarmed Combat
 - Level 2.0 Spellcasting
 - Level 4.0 Necromancy


You had 3 spell levels left.
You knew the following spells:

 Your Spells              Type           Power        Failure   Level  Hunger
a - Pain                  Necr           ###.         3%          1    #......


Dungeon Overview and Level Annotations

Branches:
Dungeon (3/15)

Altars:

Annotations:
D:3 Mefis's ghost, weakling DEWz


Innate Abilities, Weirdness & Mutations

You cannot wear most types of armour.
You are amphibious.
You can wear up to eight rings at the same time.
You can use your tentacles to constrict eight enemies at once.
Your skin changes colour to match your surroundings (Stealth).
Your rubbery body absorbs attacks (AC +1).


Message History

The worm is almost dead.
You constrict the worm. The worm bites you.
Ouch! That really hurt!
You tentacle-slap the worm.
You kill the worm!
Your Unarmed Combat skill increases to level 1!
Found a scroll labeled LANAYL XU VUN.
f - a glowing puce potion Mefis's ghost (weakling Deep Elf Wizard) comes into view.
Mefis's ghost turns its malevolent gaze towards you.
Mefis's ghost hits you.
* * * LOW HITPOINT WARNING * * *
Drink which item? (? for menu, Esc to quit)
It was a potion of flight.
You feel very buoyant.
You fly up into the air.
Mefis's ghost gestures at you while chanting.
The magic dart hits you!
Ouch! That really hurt!
You die...

+.....'†...... #
####.....###########
#.#..<................
#..........##########+
##########.# .
#......#####..
#.............
#............#
#.....@......#
######W......#
#.......# #.......#
#.......# ####'#### .#
.#


You could see Mefis's ghost.

Vanquished Creatures
  A worm (D:3)
  A hobgoblin (D:1)
2 creatures vanquished.

Notes
Turn   | Place    | Note
--------------------------------------------------------------
     0 | D:1      | M4edhros the Octopode Necromancer began the quest for the Orb.
     0 | D:1      | Reached XP level 1. HP: 11/11 MP: 3/3
   206 | D:3      | Reached skill level 1 in Unarmed Combat
   218 | D:3      | Noticed Mefis's ghost (weakling DEWz)
   222 | D:3      | Killed from afar by Mefis's ghost

Vault maps used:
D:1:      dpeg_arrival_three_same_balls
D:2:      gammafunk_temple_overflow_pools, lemuel_blue_sif_altar,
          minmay_misc_feat_alley, uniq_sigmund
D:3:      corner_web_ring, cheibrodos_gnoll_hut, uniq_iyjb

Skill      XL: |  1 |
---------------+----+-----
Unarmed Combat | 1 |  1.2
Dodging        | |  2.0
Stealth        | |  2.6
Spellcasting   | |  2.0
Necromancy     | |  4.0

Action                   || total
-------------------------++-------
Melee: Unarmed           ||     6
       Constrict         ||     1
       Tentacles         ||     1
 Cast: Pain              ||     1
  Use: Potion            ||     1
 Stab: Sleeping          ||     1
Dodge: Dodged            ||     1
